Map: [ESL] Cosmic Sapphire

Players

Reynor - Winner!

  • Race: Zerg Zerg
  • Spawn Location: 5:00

PtitDrogo

  • Race: Protoss Protoss
  • Spawn Location: 11:00

Event: DreamHack SC2 Masters 2022 Atlanta (Online)

VOD

Have the link to the VOD?

Description

Time

  • Played on: Oct. 4, 2022, 11:14 a.m.
  • Length: 8:33

All games in this series

Show
View Real Time Build Order
Export as new Build Order

Reynor Zerg - Winner!

Build Orders: Hatch First 

Get SALT Encoding   

  12  0:00  Drone  
  13  0:12  Overlord  
  13  0:16  Drone  
  14  0:30  Drone x2  
  16  0:44  Drone  
  17  0:51  Hatchery  
  17  0:54  Drone  
  17  0:57  Drone  
  18  1:08  Extractor  
  17  1:13  Spawning Pool  
  17  1:15  Drone  
  17  1:19  Drone  
  18  1:27  Drone  
  19  1:38  Drone  
  20  1:49  Overlord  
  20  2:00  Queen  
  22  2:03  Zergling x4  
  22  2:04  Queen  
  26  2:10  Drone  
  26  2:13  Drone  
  28  2:17  Metabolic Boost  
  28  2:21  Drone  
  29  2:24  Drone  
  30  2:34  Hatchery  
  30  2:36  Drone  
  30  2:43  Drone  
  30  2:44  Overlord  
  31  2:46  Drone  
  32  2:53  Drone  
  32  2:55  Queen  
  35  3:00  Drone  
  35  3:04  Drone  
  35  3:05  Queen  
  37  3:10  Drone  
  37  3:11  Drone  
  37  3:12  Drone  
  42  3:15  Overlord  
  42  3:17  Drone  
  42  3:19  Drone  
  44  3:29  Overlord  
  44  3:33  Queen  
  46  3:34  Drone  
  46  3:39  Drone  
  46  3:40  Drone  
  46  3:41  Queen  
  49  3:47  Queen  
  49  3:48  Spore Crawler  
  52  3:49  Drone  
  52  3:53  Drone x2  
  55  3:55  Spore Crawler  
  55  3:57  Drone  
  55  4:00  Drone  
  56  4:05  Zergling x2  
  56  4:06  Zergling x2  
  56  4:07  Overlord  
  56  4:08  Drone x2  
  60  4:12  Spore Crawler  
  60  4:13  Drone  
  60  4:14  Drone  
  60  4:16  Drone  
  62  4:17  Drone  
  62  4:22  Drone x2  
  65  4:27  Drone  
  65  4:28  Drone  
  65  4:29  Drone  
  67  4:33  Drone x3  
  67  4:36  Drone  
  71  4:40  Drone  
  71  4:44  Lair  
  72  4:45  Extractor, Evolution Chamber  
  72  4:47  Overlord  
  72  4:49  Drone  
  72  4:50  Drone  
  72  4:51  Drone  
  73  4:54  Drone  
  73  4:56  Overlord  
  73  5:01  Drone  
  73  5:02  Overlord  
  73  5:06  Drone x3  
  73  5:07  Drone x4  
  81  5:10  Overlord  
  81  5:12  Drone  
  81  5:13  Zerg Missile Weapons Level 1  
  82  5:19  Drone  
  83  5:21  Drone  
  83  5:22  Drone x2  
  83  5:24  Drone  
  83  5:26  Hatchery  
  86  5:29  Roach Warren, Extractor x2  
  86  5:31  Extractor  
  86  5:32  Extractor, Overlord  
  86  5:33  Drone x2  
  83  5:37  Pneumatized Carapace  
  83  5:43  Drone x3  
  83  5:44  Overlord  
  83  5:46  Overseer  
  83  5:49  Drone  
  87  5:55  Overlord  
  87  5:56  Overlord  
  87  5:57  Drone x4  
  89  6:01  Overlord  
  89  6:03  Spore Crawler  
  90  6:09  Spore Crawler  
  90  6:10  Glial Reconstitution  
  88  6:11  Roach x6  
  88  6:14  Roach x3  
  88  6:17  Roach x2  
  110  6:21  Overseer  
  110  6:23  Roach x2  
  110  6:24  Roach  
  116  6:26  Overlord  
  116  6:31  Roach, Extractor  
  117  6:33  Roach x3  
  123  6:41  Roach x5  
  133  6:48  Roach x4  
  133  6:50  Drone x3  
  133  6:53  Overlord  
  144  6:58  Roach  
  144  6:59  Overlord  
  144  7:00  Roach x2  
  144  7:01  Roach  
  152  7:02  Roach  
  152  7:05  Roach  
  156  7:11  Roach x2  
  156  7:12  Overlord  
  160  7:17  Roach x5  
  160  7:18  Overlord  
  161  7:24  Roach x4  
  161  7:26  Overlord  
  161  7:28  Roach  
  163  7:35  Roach x4  
  163  7:36  Roach  
  165  7:39  Roach x2  
  153  7:47  Roach x6  
  165  7:55  Ravager x5  
  165  7:58  Zergling x16  
  178  8:03  Ravager  
  179  8:07  Ravager  
  179  8:11  Roach x3  
  179  8:12  Roach x3  
Show
View Real Time Build Order
Export as new Build Order

PtitDrogo Protoss 

Build Orders: 1 Gate Expand, Oracle Opening, Zealot Archon 

Get SALT Encoding   

  12  0:00  Probe  
  13  0:12  Probe  
  14  0:19  Pylon  
  14  0:24  Probe  
  15  0:37  Probe (Chrono Boost)  
  15  0:40  Gateway  
  16  0:47  Probe (Chrono Boost)  
  17  0:51  Assimilator  
  17  0:52  Probe (Chrono Boost)  
  18  1:04  Probe  
  19  1:16  Probe  
  20  1:25  Nexus  
  20  1:37  Cybernetics Core  
  20  1:39  Probe  
  21  1:49  Assimilator  
  21  1:51  Probe  
  22  1:55  Pylon  
  22  2:03  Probe  
  23  2:11  Adept (Chrono Boost)  
  23  2:15  Probe  
  26  2:18  Stargate  
  26  2:28  Warp Gate, Probe (Chrono Boost)  
  27  2:34  Adept  
  29  2:38  Probe (Chrono Boost)  
  31  2:45  Probe (Chrono Boost)  
  31  2:47  Probe (Chrono Boost)  
  32  2:52  Probe x2 (Chrono Boost)  
  34  2:59  Oracle (Chrono Boost)  
  34  3:03  Probe  
  38  3:09  Probe, Gateway  
  38  3:12  Pylon  
  39  3:15  Probe  
  40  3:21  Probe  
  40  3:26  Oracle (Chrono Boost)  
  41  3:28  Probe  
  41  3:33  Probe  
  46  3:40  Probe  
  47  3:43  Nexus  
  47  3:46  Pylon  
  47  3:50  Probe  
  47  3:53  Probe  
  49  3:56  Oracle  
  49  4:02  Probe  
  53  4:04  Pylon  
  53  4:05  Probe (Chrono Boost)  
  53  4:09  Assimilator  
  54  4:11  Assimilator  
  54  4:14  Probe (Chrono Boost)  
  54  4:15  Adept  
  59  4:24  Probe (Chrono Boost)  
  59  4:25  Robotics Facility, Probe (Chrono Boost)  
  59  4:29  Probe (Chrono Boost)  
  59  4:30  Probe (Chrono Boost)  
  61  4:40  Probe  
  61  4:42  Probe  
  61  4:43  Twilight Council, Forge  
  63  4:48  Pylon  
  63  4:49  Zealot x2  
  68  4:53  Probe (Chrono Boost)  
  68  4:55  Shield Battery, Probe (Chrono Boost)  
  68  4:56  Probe (Chrono Boost)  
  70  5:05  Probe (Chrono Boost)  
  73  5:07  Probe (Chrono Boost)  
  73  5:08  Probe (Chrono Boost)  
  73  5:09  Gateway x2  
  73  5:10  Charge  
  73  5:11  Protoss Ground Weapons Level 1 (Chrono Boost)  
  73  5:12  Probe (Chrono Boost)  
  73  5:13  Probe (Chrono Boost)  
  73  5:14  Observer, Probe (Chrono Boost)  
  76  5:19  Probe  
  78  5:21  Probe  
  79  5:29  Probe  
  79  5:31  Probe  
  79  5:32  Pylon  
  79  5:33  Probe, Assimilator  
  79  5:34  Assimilator  
  82  5:37  Warp Prism  
  82  5:41  Templar Archives  
  84  5:44  Probe  
  84  5:47  Probe  
  84  5:48  Probe  
  87  5:55  Gateway  
  87  5:57  Gateway  
  87  5:59  Gateway  
  87  6:02  Gateway  
  87  6:03  Gateway  
  87  6:09  Pylon  
  87  6:10  Observer, Gateway  
  87  6:19  High Templar x4  
  87  6:23  Pylon  
  87  6:25  Pylon  
  95  6:26  Archon  
  95  6:31  Pylon  
  95  6:33  Nexus  
  95  6:42  Archon  
  95  6:46  Pylon  
  95  6:47  Pylon  
  95  6:53  High Templar x4  
  103  6:54  Zealot x3  
  103  6:58  Archon x2  
  103  6:59  Pylon  
  103  7:00  Zealot x2  
  113  7:05  Zealot  
  115  7:21  Zealot x5  
  115  7:26  Zealot x5  
  106  7:37  Probe  
  94  7:47  Robotics Bay  
  94  7:49  High Templar x2  
  94  7:50  Zealot x4  
  106  7:53  Archon  
  106  7:55  Photon Cannon  
  106  7:57  Shield Battery  
  106  7:58  High Templar x2  
  106  7:59  Zealot x2  
  106  8:02  Archon  
  112  8:07  Pylon  
  112  8:14  Stalker x2  
  112  8:15  Stalker x2  
Tags
 
Add a new tag
Caveats
  • Supply blocks, unpowered buildings, or Contaminate may cause inaccurate times.
  • Supply counts are checked every 10 seconds.